Map: Mécanisation EC

Players

llllllllllll - Winner!

  • Race: Protoss Protoss
  • League: Grandmaster
  • Spawn Location: 9:00

LiquidTLO (TLO)

  • Race: Zerg Zerg
  • League: Grandmaster
  • Spawn Location: 3:00

VOD

Have the link to the VOD?

Description

Time

  • Played on: May 3, 2019, 9:37 a.m.
  • Length: 10:11
Show
View Real Time Build Order
Export as new Build Order

llllllllllll Protoss - Winner!

Build Orders: 1 Gate Expand, Archon Immortal, Archon Drop, Dark Templar Rush 

Get SALT Encoding   

  12  0:00  Probe  
  13  0:13  Probe  
  14  0:19  Pylon  
  14  0:25  Probe  
  15  0:33  Probe  
  15  0:39  Gateway  
  15  0:41  Probe  
  16  0:48  Assimilator  
  17  0:51  Probe  
  18  1:03  Probe  
  19  1:15  Probe  
  20  1:26  Nexus  
  20  1:36  Cybernetics Core  
  20  1:38  Probe  
  21  1:44  Assimilator  
  21  1:51  Probe  
  21  1:53  Pylon  
  22  2:02  Adept  
  22  2:03  Probe  
  23  2:15  Probe  
  26  2:27  Probe  
  27  2:31  Warp Gate  
  27  2:32  Stalker  
  27  2:34  Probe  
  27  2:35  Probe  
  29  2:42  Probe  
  29  2:43  Probe, Twilight Council  
  33  2:52  Probe  
  33  2:53  Probe  
  35  2:59  Robotics Facility  
  35  3:05  Probe x2  
  37  3:17  Probe x2  
  37  3:27  Dark Shrine  
  37  3:29  Probe x2  
  37  3:34  Gateway  
  39  3:35  Warp Prism  
  39  3:40  Gateway  
  40  3:42  Gateway  
  40  3:47  Probe  
  42  3:50  Assimilator  
  42  3:52  Probe  
  43  3:56  Pylon  
  43  3:58  Assimilator  
  43  3:59  Probe  
  44  4:04  Probe  
  44  4:08  Probe  
  44  4:09  Pylon  
  45  4:16  Probe x2  
  48  4:26  Probe  
  48  4:28  Probe  
  50  4:39  Dark Templar x4  
  58  4:48  Probe  
  58  4:49  Pylon  
  58  4:51  Forge  
  57  5:03  Immortal  
  57  5:05  Probe  
  62  5:07  Nexus  
  62  5:16  Probe  
  62  5:20  Pylon  
  63  5:22  Archon, Dark Templar  
  63  5:25  Charge  
  63  5:26  Sentry  
  67  5:30  Archon  
  67  5:32  Protoss Ground Weapons Level 1  
  67  5:35  Immortal  
  67  5:38  Gateway  
  67  5:39  Gateway  
  71  5:52  Probe  
  72  5:57  Probe  
  69  6:04  Probe  
  69  6:05  Sentry x2  
  69  6:07  Dark Templar  
  69  6:09  Probe  
  77  6:12  Pylon  
  77  6:15  Gateway x2  
  77  6:17  Probe  
  77  6:18  Pylon  
  78  6:19  Immortal  
  82  6:30  Probe  
  83  6:33  Probe  
  83  6:35  Probe  
  83  6:39  Probe  
  85  6:41  Probe  
  85  6:43  Probe, Assimilator x2  
  87  6:47  Probe  
  87  6:48  Immortal  
  87  6:49  Probe  
  87  6:51  Probe  
  87  6:53  Dark Templar  
  92  6:56  Pylon  
  97  7:05  Probe  
  97  7:07  Archon  
  100  7:12  Photon Cannon  
  100  7:14  Pylon  
  98  7:16  Templar Archives  
  98  7:20  Zealot x3  
  104  7:23  Immortal  
  104  7:28  Dark Templar  
  110  7:41  Photon Cannon  
  110  7:43  Photon Cannon  
  110  7:44  Zealot x4  
  114  7:49  Zealot x2  
  118  8:00  Psionic Storm, Pylon  
  118  8:01  Pylon, Immortal  
  120  8:20  Pylon  
  120  8:22  Zealot x4, Pylon  
  120  8:23  High Templar x3  
  120  8:24  High Templar  
  136  8:31  Immortal  
  136  8:35  Pylon  
  140  8:43  Pylon x2  
  140  8:50  High Templar x3  
  146  8:57  Pylon  
  146  9:03  Zealot x3  
  144  9:24  Zealot x8  
  150  9:27  Immortal  
  158  9:45  Zealot x3  
  158  9:46  Zealot x3  
  146  10:05  High Templar x4  
  146  10:06  High Templar x3, Zealot  
  162  10:11  Nexus  
Show
View Real Time Build Order
Export as new Build Order

LiquidTLO Zerg 

Build Orders: Hatch First 

Get SALT Encoding   

  12  0:00  Drone  
  13  0:12  Overlord  
  13  0:18  Drone  
  14  0:31  Drone  
  14  0:32  Drone  
  14  0:34  Drone  
  17  0:52  Hatchery  
  17  0:56  Drone  
  17  1:10  Spawning Pool  
  16  1:12  Drone  
  16  1:15  Drone  
  18  1:19  Extractor  
  18  1:20  Drone  
  18  1:28  Drone  
  19  1:45  Drone  
  20  1:50  Overlord  
  20  1:57  Queen  
  22  2:04  Queen  
  22  2:05  Zergling x4  
  26  2:11  Drone  
  26  2:15  Drone  
  28  2:24  Drone  
  28  2:26  Drone  
  30  2:33  Drone  
  31  2:38  Hatchery  
  31  2:43  Drone  
  31  2:44  Drone  
  32  2:52  Queen  
  32  2:56  Overlord  
  34  3:03  Drone  
  36  3:05  Drone  
  35  3:15  Drone x6  
  35  3:18  Drone  
  42  3:22  Spore Crawler  
  42  3:26  Lair  
  42  3:30  Drone  
  42  3:31  Drone  
  44  3:36  Overlord  
  44  3:40  Overlord  
  44  3:41  Overlord  
  44  3:45  Extractor  
  44  3:46  Extractor  
  42  3:49  Drone  
  42  3:51  Drone x4  
  47  3:56  Roach Warren  
  47  3:58  Drone  
  47  4:02  Drone x2  
  49  4:08  Queen  
  52  4:10  Drone  
  52  4:12  Drone x2  
  54  4:18  Overlord  
  54  4:26  Overseer  
  54  4:35  Glial Reconstitution  
  54  4:37  Roach x6  
  66  4:40  Roach  
  66  4:44  Roach  
  66  4:45  Roach  
  72  4:48  Overlord  
  72  4:55  Roach x2  
  72  4:58  Roach  
  76  5:04  Overseer  
  74  5:14  Drone  
  75  5:16  Drone x3  
  75  5:20  Drone  
  79  5:21  Roach  
  79  5:24  Drone  
  82  5:28  Drone  
  82  5:29  Drone  
  82  5:30  Overlord  
  82  5:34  Overlord  
  84  5:36  Drone  
  84  5:38  Drone  
  84  5:40  Drone  
  85  5:50  Roach x2  
  85  5:51  Roach  
  85  5:52  Roach x2  
  85  5:53  Roach  
  85  5:56  Roach  
  97  6:00  Roach  
  97  6:01  Queen  
  97  6:04  Overlord  
  97  6:07  Drone x3  
  97  6:08  Extractor  
  97  6:10  Drone  
  100  6:12  Drone  
  100  6:14  Roach  
  100  6:15  Roach  
  105  6:22  Overlord, Queen  
  105  6:23  Overseer  
  105  6:24  Roach  
  109  6:26  Roach  
  109  6:27  Roach  
  113  6:36  Pneumatized Carapace  
  113  6:38  Roach  
  113  6:42  Drone x5  
  113  6:45  Roach  
  113  6:46  Roach  
  122  6:48  Extractor  
  122  6:49  Overlord x2  
  122  6:53  Overlord  
  121  7:02  Overlord x2  
  121  7:07  Overlord x3  
  121  7:15  Infestation Pit, Roach, Extractor  
  121  7:16  Roach x4  
  121  7:22  Roach  
  131  7:23  Roach  
  131  7:26  Roach  
  135  7:31  Overseer, Roach  
  135  7:34  Drone  
  137  7:38  Roach x2  
  137  7:39  Roach x2  
  137  7:52  Roach  
  137  7:53  Roach x7  
  137  7:55  Roach  
  137  8:00  Roach  
  137  8:01  Ravager x3  
  137  8:03  Roach x2  
  137  8:05  Drone  
  147  8:06  Roach  
  147  8:08  Roach  
  147  8:12  Roach  
  153  8:14  Roach  
  153  8:16  Roach x2  
  159  8:21  Roach x2  
  159  8:24  Roach  
  165  8:28  Roach  
  165  8:29  Roach  
  165  8:30  Ravager x2  
  165  8:32  Roach  
  165  8:33  Roach  
  175  8:35  Roach  
  175  8:38  Overlord  
  177  8:44  Roach  
  177  8:45  Overlord x2  
  179  8:50  Roach  
  179  8:53  Ravager x3  
  179  8:55  Roach  
  186  8:57  Roach  
  186  8:58  Roach  
  186  9:01  Roach  
  186  9:02  Roach  
  194  9:05  Roach  
  194  9:06  Roach x2  
  178  9:17  Roach x2  
  178  9:18  Roach  
  178  9:19  Roach  
  178  9:20  Roach  
  178  9:23  Roach x3  
  178  9:24  Ravager  
  181  9:26  Roach  
  181  9:29  Roach  
  181  9:30  Roach  
  187  9:33  Roach  
  187  9:36  Roach  
  187  9:37  Roach  
  187  9:38  Roach  
  191  9:44  Roach  
  181  9:49  Roach  
  181  9:52  Roach  
Tags
 
Add a new tag
Caveats
  • Supply blocks, unpowered buildings, or Contaminate may cause inaccurate times.
  • Supply counts are checked every 10 seconds.